 Seeded DCSS version 0.30-a0-930-gb9d0489357 (webtiles) character file.

Game seed: 3425090202442293766 (custom seed)

2320 valliere the Prestidigitator (level 9, -2/41 HPs)
             Began as a Spriggan Artificer on Mar 23, 2023.
             Was a Follower of Hepliaklqana.
             Killed by a stone arrow (29 damage)
             ... invoked by the wrath of Vehumet
             ... on level 7 of the Dungeon.
             The game lasted 00:13:31 (5732 turns).

valliere the Prestidigitator (Spriggan Artificer)   Turns: 5732, Time: 00:13:32

Health: -2/41      AC:  4    Str: 12    XL:     9   Next: 18%
Magic:  10/10      EV: 37    Int: 12    God:    Hepliaklqana [*.....]
Gold:   350        SH:  0    Dex: 19    Spells: 8/8 levels left

rFire   . . .      SeeInvis +    f - +5 shortbow of Prudence {drain, rPois}
rCold   + . .      Faith    .    (shield currently unavailable)
rNeg    . . .      Spirit   .    J - +2 robe of a Hundred Friends {rElec Str+4 Int-5 Slay+3}
rPois   +          Reflect  .    (helmet restricted)
rElec   +          Rampage  +    E - scarf of Gluttony {repulsion, Rampage SInv}
rCorr   .                        (gloves unavailable)
Will    +....                    (boots unavailable)
Stlth   ++++                     t - amulet of the acrobat
HPRegen 0.26/turn                j - ring "Lannysk" {rElec rC+ Int+4 Slay+2}
MPRegen 0.12/turn                (no ring)

@: acrobatic, studying 2 skills, repel missiles, very quick
A: reduced essence, very small, no large weapons, unfitting armour, see
invisible, speed 3
a: Renounce Religion, Recall Ancestor, Ancestor Identity


You were on level 7 of the Dungeon.
You worshipped Hepliaklqana.
Hepliaklqana was aware of your devotion.
You visited 2 branches of the dungeon, and saw 8 of its levels.

You collected 471 gold pieces.
You spent 121 gold pieces at shops.

Inventory:

Hand Weapons
 a - a +0 club
 f - the +5 shortbow of Prudence (weapon) {drain, rPois}
   (You acquired it on level 1 of the Dungeon)

   rPois:     It protects you from poison.
 i - a +0 short sword
Missiles
 p - 3 throwing nets
Armour
 b - a +0 robe
 E - the scarf of Gluttony (worn) {repulsion, Rampage SInv}
   (You acquired it on level 4 of the Dungeon)

   SInv:      It lets you see invisible.
   Rampage:   It bestows one free step when moving towards enemies.
 J - the +2 robe of a Hundred Friends (worn) {rElec Str+4 Int-5 Slay+3}
   (You found it on level 5 of the Dungeon)

   Str:       It affects your strength (+4).
   Int:       It affects your intelligence (-5).
   Slay:      It affects your accuracy & damage with ranged weapons and melee
   (+3).
   rElec:     It insulates you from electricity.
Jewellery
 j - the ring "Lannysk" (left hand) {rElec rC+ Int+4 Slay+2}
   (You acquired it on level 1 of the Dungeon)

   [ring of protection from cold]

   Int:       It affects your intelligence (+4).
   Slay:      It affects your accuracy & damage with ranged weapons and melee
   (+2).
   rC:        It protects you from cold.
   rElec:     It insulates you from electricity.
 n - an amulet of guardian spirit
 t - an amulet of the acrobat (around neck)
 I - a ring of magical power
 O - a ring of ice
Wands
 c - a wand of flame (22)
 d - a wand of charming (15)
 e - a wand of iceblast (5)
Scrolls
 g - 3 scrolls of noise {unknown}
 h - a scroll of blinking {unknown}
 k - 7 scrolls of identify
 l - 2 scrolls of enchant armour {unknown}
 q - 5 scrolls of magic mapping {unknown}
 u - 6 scrolls of teleportation
 w - 3 scrolls of fog {unknown}
 x - 3 scrolls of silence {unknown}
 y - a scroll of fear {unknown}
 C - a scroll of immolation {unknown}
 G - a scroll of amnesia {unknown}
 H - a scroll of enchant weapon {unknown}
 L - a scroll of vulnerability {unknown}
Potions
 m - 2 potions of resistance
 o - a potion of degeneration {unknown}
 r - 4 potions of curing
 s - 2 potions of brilliance {unknown}
 v - a potion of attraction {unknown}
 z - 2 potions of might {unknown}
 A - a potion of flight {unknown}
 B - a potion of haste {unknown}
 D - 2 potions of ambrosia {unknown}
 F - a potion of heal wounds {unknown}
 K - 2 potions of lignification {unknown}
 M - 2 potions of magic {unknown}
 N - 3 potions of mutation {unknown}


   Skills:
 + Level 4.5 Fighting
 + Level 5.2 Ranged Weapons
 + Level 7.9 Dodging
 + Level 8.7 Stealth
 + Level 10.0 Evocations


You had 8 spell levels left.
You didn't know any spells.
Your spell library contained the following spells:

 Spells                   Type           Power      Damage    Failure   Level
 Blink                    Tloc           0%         N/A       45%         2
 Sublimation of Blood     Necr           0%         N/A       45%         2
 Wereblood                Tmut           0%         N/A       45%         2
 Manifold Assault         Tloc           0%         N/A       97%         4
 Storm Form               Tmut/Air       0%         N/A       100%        7
 Summon Hydra             Summ           0%         N/A       100%        7


Dungeon Overview and Level Annotations

Branches:
Dungeon (7/15)             Temple (1/1) D:5

Altars:
Ashenzari
Cheibriados
Dithmenos
Elyvilon
Fedhas
Hepliaklqana
Kikubaaqudgha
Makhleb
Okawaru
Ru
Sif Muna
Trog
Vehumet
Wu Jian
Xom
Yredelemnul
Zin
The Shining One

Shops:
D:2 ?(   D:6 *=

Annotations:
D:6 3 runed translucent doors, 2 exclusions, kiwi3s's ghost, novice MiBe
Temple 2 transporters


Innate Abilities, Weirdness & Mutations

Your life essence is reduced to manifest your ancestor. (-10% HP)
You are very small and have problems with some larger weapons.
You are too small for most types of armour.
You have supernaturally acute eyesight. (SInv)
You cover ground extremely quickly. (Speed+++)


Message History

The orc shouts!
You shoot an arrow. The arrow completely misses the orc.
You shoot an arrow. The arrow hits the orc!
You kill the orc!
No target in view!
There is an open door here.
Found a club.
You see here a +0 club.
Found a quarterstaff.
Found a leather armour.
You see here a +0 quarterstaff.
You see here a +0 leather armour.
Found a plate armour.
You see here a +0 plate armour.
Vehumet rains destruction down upon you!
The puff of flame hits you!
Vehumet rains destruction down upon you!
The bolt of energy hits you!!
Ouch! That really hurt!
* * * LOW HITPOINT WARNING * * *
Vehumet rains destruction down upon you!
The sticky flame hits you!
You are covered in liquid flames!
You are covered in liquid flames!
You are covered in liquid flames!
* * * LOW HITPOINT WARNING * * *
You are covered in liquid flames!
* * * LOW HITPOINT WARNING * * *
You are covered in liquid flames!
* * * LOW HITPOINT WARNING * * *
As you read the scroll of identify, it crumbles to dust.
r - 4 potions of curing You are covered in liquid flames!
* * * LOW HITPOINT WARNING * * *
As you read the scroll of identify, it crumbles to dust.
m - 2 potions of resistance Vehumet rains destruction down upon you!
The stone arrow hits you!!
Ouch! That really hurt!
You die...

.####.# #.# ....#.#
#.# ....#'## #.#
#......# #.#
#......# #####.##
#......# #..[...#
#......# #.######
#......####.#
#######
###......##.#
#.@...#
##.....##.###.###.#
#.....##.....# #.#
#####......######
#.#
..........>.....
...
####.#...####..#
##### #.#...#
#.#...# #.#####


You could see the wrath of Vehumet (unaware).

Vanquished Creatures
  Grinder (D:4)
  Sigmund (D:3)
  2 ice beasts
  A sky beast (D:7)
  2 black bears (D:5)
  3 ogres
  3 centaurs
  A gnoll sergeant (D:6)
  2 scorpions (D:6)
  A bullfrog (D:6)
  3 howler monkeys (D:7)
  A crimson imp (D:4)
  5 hounds
  A jelly (D:6)
  2 orc priests
  2 sleepcaps (D:6)
  Terence (D:3)
  2 iguanas (D:6)
  An orc wizard (D:4)
  3 gnolls (D:6)
  6 adders
  A shadow imp (D:5)
  A worm (D:2)
  14 dart slugs
  16 orcs
  8 ball pythons
  7 bats
  5 endoplasms
  3 giant cockroaches
  7 goblins
  7 hobgoblins
  4 kobolds
  A quokka (D:2)
  4 frilled lizards
  A goblin skeleton (D:4)
  A goblin zombie (D:4)
  A hobgoblin zombie (D:4)
  A kobold skeleton (D:4)
  2 kobold zombies (D:4)
  An orc skeleton (D:4)
  13 rats
142 creatures vanquished.

Notes
Turn   | Place    | Note
-------+----------+-------------------------------------------
     0 | D:1      | valliere the Spriggan Artificer began the quest for the
                  | Orb.
     0 | D:1      | Reached XP level 1. HP: 9/9 MP: 2/2
    17 | D:1      | Identified a scroll of acquirement
    17 | D:1      | Acquired the +5 shortbow of Prudence {drain, rPois}
    79 | D:1      | Acquired the ring "Lannysk" {rElec rC+ Int+4 Slay+2}
   108 | D:1      | Reached skill level 1 in Fighting
   114 | D:1      | Reached XP level 2. HP: 12/14 MP: 3/3
   447 | D:1      | Found a faded altar of an unknown god.
   453 | D:1      | Prayed at the altar of an unknown god.
   453 | D:1      | Became a worshipper of Vehumet
   453 | D:1      | Reached * piety under Vehumet
   453 | D:1      | Offered knowledge of Magic Dart by Vehumet.
   454 | D:1      | Fell from the grace of Vehumet
   574 | D:2      | Reached skill level 1 in Ranged Weapons
   574 | D:2      | Reached XP level 3. HP: 18/18 MP: 4/4
   737 | D:2      | Found Nareh's Weapon Boutique.
   870 | D:2      | Reached XP level 4. HP: 22/22 MP: 5/5
  1132 | D:2      | Found Lipoy's Magic Scroll Boutique.
  1136 | D:2      | Bought 2 scrolls of identify for 44 gold pieces
  1136 | D:2      | Bought a scroll of identify for 22 gold pieces
  1136 | D:2      | Bought a scroll of identify for 22 gold pieces
  1136 | D:2      | Bought a scroll of teleportation for 33 gold pieces
  1351 | D:3      | Noticed Sigmund
  1356 | D:3      | Killed Sigmund
  1357 | D:3      | Reached skill level 5 in Evocations
  1357 | D:3      | Reached XP level 5. HP: 26/26 MP: 6/6
  1357 | D:3      | Reached XP level 6. HP: 30/30 MP: 7/7
  1583 | D:3      | Noticed Terence
  1590 | D:3      | Killed Terence
  2182 | D:4      | Noticed Grinder
  2194 | D:4      | Killed Grinder
  2195 | D:4      | Reached skill level 5 in Dodging
  2195 | D:4      | Reached skill level 5 in Stealth
  2195 | D:4      | Reached XP level 7. HP: 34/35 MP: 8/8
  2197 | D:4      | Reached skill level 6 in Evocations
  2221 | D:4      | Acquired a manual of Evocations
  2223 | D:4      | Acquired the scarf of Gluttony {repulsion, Rampage SInv}
  2395 | D:4      | Found a glowing golden altar of the Shining One.
  2482 | D:4      | Found a white marble altar of Elyvilon.
  2482 | D:4      | Found a basalt altar of Yredelemnul.
  2483 | D:4      | Found an ornate altar of the Wu Jian Council.
  3470 | D:5      | Entered Level 5 of the Dungeon
  3494 | D:5      | Found a staircase to the Ecumenical Temple.
  3505 | D:5      | Reached skill level 7 in Evocations
  3513 | Temple   | Entered the Ecumenical Temple
  3513 | Temple   | Found a transporter.
  3513 | Temple   | Found a transporter.
  3515 | Temple   | Found a transporter.
  3515 | Temple   | Found a transporter.
  3534 | Temple   | Became a worshipper of Hepliaklqana the Forgotten
  3687 | D:5      | Identified the +2 robe of a Hundred Friends {rElec Str+4
                  | Int-5 Slay+3}
  3919 | D:5      | Found an iron altar of Okawaru.
  3965 | D:5      | Reached XP level 8. HP: 40/40 MP: 9/9
  4070 | D:5      | Reached * piety under Hepliaklqana
  4326 | D:6      | Reached skill level 8 in Evocations
  4465 | D:6      | Found a glowing silver altar of Zin.
  4553 | D:6      | Found Kausagei's Jewellery Shop.
  4566 | D:6      | Found Xyeg's General Store.
  4659 | D:6      | Found a bloodstained altar of Trog.
  4913 | D:6      | Found a runed translucent gate.
  4915 | D:6      | Found a runed translucent gate.
  4915 | D:6      | Found a runed translucent gate.
  4917 | D:6      | Noticed kiwi3s's ghost (novice MiBe)
  4929 | D:6      | Reached skill level 9 in Evocations
  5252 | D:6      | Reached skill level 5 in Ranged Weapons
  5252 | D:6      | Reached XP level 9. HP: 40/40 MP: 10/10
  5396 | D:7      | Reached skill level 10 in Evocations
  5732 | D:7      | Killed by a stone arrow

Illustrated notes

Levels and vault maps discovered:
D:1:      minmay_arrival_loop, layout_basic, ebering_ecumenical_altar_webs,
          moated_statue, minmay_tetromino_s2
D:2:      minmay_angry_zag, layout_basic, serial_shops,
          nicolae_shop_behind_doors, nicolae_shop_bloodbath_and_beyond,
          minmay_cut_off
D:3:      kennysheep_slugbush, layout_basic, uniq_sigmund, uniq_terence
D:4:      layout_layer_cave, gammafunk_temple_overflow_claw,
          nicolae_tso_besieged_by_evil, minivault_24, uniq_grinder
D:5:      layout_loops_ring, mainiacjoe_overflow_small_starburst,
          minmay_temple_entry_grid, minmay_misc_feat_square
D:6:      cheibrodos_iron_armory, layout_basic, bloody_trog, marbit_many_paths,
          serial_shops, shop, shop, biasface_ghost_orc_armoury,
          minmay_manual_mares
D:7:      erik_cavepeople, layout_basic
Temple:   hellmonk_temple_divided_pantheon

Skill      XL: |  1  2  3  4  5  6  7  8  9 |
---------------+----------------------------+-----
Fighting       | 1 2 3 4 |  4.5
Stealth        | 2 3 4 5 6 8 |  8.7
Ranged Weapons | 1 2 3 5 |  5.2
Dodging        | 4 5 6 7 |  7.9
Evocations     | 5 7 9 10 | 10.0

Action                     |  1- 3 |  4- 6 |  7- 9 || total
---------------------------+-------+-------+-------++-------
   Fire: Shortbow          |    64 |    46 |   172 ||   282
 Invoke: Renounce Religion |     1 |       |       ||     1
  Evoke: Wand              |       |     5 |       ||     5
    Use: Scroll            |     2 |       |     4 ||     6
 Armour: Robe              |     4 |       |     6 ||    10
  Dodge: Dodged            |    20 |     4 |    42 ||    66

Table legend: (Time is in decaauts)
 A = Elapsed time spent in this place.
 B = Non-inter-level travel time spent in this place.
 C = Inter-level travel time spent in this place.
 D = Time resting spent in this place.
 E = Time spent auto-exploring this place.
 F = Levels seen in this place.
 G = Mean time per level.
                   A        B        C        D        E       F      G
               +--------+--------+--------+--------+--------+-----+--------+
         Total |   3949 |   3860 |     89 |      0 |   3201 |   8 |  493.6 |
       Dungeon |   3925 |   3836 |     89 |      0 |   3198 |   7 |  560.7 |
        Temple |     23 |     23 |      0 |      0 |      3 |   1 |   23.0 |
               +--------+--------+--------+--------+--------+-----+--------+

Top non-repeatable levels by time:
     D:4: 874 daAuts
     D:6: 733 daAuts
     D:2: 548 daAuts
     D:3: 532 daAuts
     D:5: 500 daAuts
     D:7: 371 daAuts
     D:1: 364 daAuts
  Temple: 23 daAuts
